TOP OF THE 1ST |
Trois-Riveres Aigles batting - Pitching for York Revolution : RHP George Crousse
|
Pitching: RHP George Crousse
|
|
Batting: RHB Willie Acevedo
|
0-0: Swinging Strike 0-1: Ground out 6-3 (Groundball, 6, EV 89.4 MPH)
|
Batting: RHB Sandoval Serzedelo
|
0-0: Called Strike 0-1: Fly out, F8 (Flyball, 78M, EV 81.9 MPH)
|
Batting: RHB Toshikatsu Omori
|
0-0: Swinging Strike 0-1: Ball 1-1: Ball 2-1: Swinging Strike 2-2: Fly out, F9 (Flyball, 89S, EV 86.9 MPH)
|
Top of the 1st over - 0 runs, 0 hits, 0 errors, 0 left on base; Trois-Riveres 0 - York 0 |
BOTTOM OF THE 1ST |
York Revolution batting - Pitching for Trois-Riveres Aigles : RHP Jesus Espinosa
|
Pitching: RHP Jesus Espinosa
|
|
Batting: RHB Eddie Serna
|
0-0: Ball 1-0: Called Strike 1-1: Ball 2-1: Fly out, F7 (Flyball, 78M, EV 84.4 MPH)
|
Batting: LHB Dennis French
|
0-0: Foul Ball, location: 2F 0-1: Foul Ball, location: 2F 0-2: Strikes out swinging
|
Batting: LHB Mike Hawk
|
0-0: Called Strike 0-1: Ball 1-1: Called Strike 1-2: Strikes out looking
|
Bottom of the 1st over - 0 runs, 0 hits, 0 errors, 0 left on base; Trois-Riveres 0 - York 0 |
TOP OF THE 2ND |
Trois-Riveres Aigles batting - Pitching for York Revolution : RHP George Crousse
|
Batting: SHB Derek Weaver
|
0-0: Called Strike 0-1: Swinging Strike 0-2: Ball 1-2: Strikes out swinging
|
Batting: RHB Alistair Holmes
|
0-0: Ball 1-0: Called Strike 1-1: Foul Ball, location: 2F 1-2: Fly out, F7 (Flyball, 78M, EV 90.6 MPH)
|
Batting: RHB Micah Logan
|
0-0: Ball 1-0: Called Strike 1-1: Ball 2-1: Ball 3-1: Foul Ball, location: 2F 3-2: Base on Balls
|
Batting: RHB George Connell
|
0-0: Ball 1-0: Ball 2-0: Called Strike 2-1: Fielders Choice at 2nd, 5-4 (Groundball, 5, EV 81.2 MPH)
|
Top of the 2nd over - 0 runs, 0 hits, 0 errors, 1 left on base; Trois-Riveres 0 - York 0 |
BOTTOM OF THE 2ND |
York Revolution batting - Pitching for Trois-Riveres Aigles : RHP Jesus Espinosa
|
Batting: LHB Ryan Young
|
0-0: Called Strike 0-1: Ball 1-1: Ball 2-1: Swinging Strike 2-2: Ball 3-2: SINGLE (Groundball, 34D, EV 96.2 MPH)
|
Batting: LHB Jean-Claude Vanbiesbrouck
|
0-0: Ball 1-0: Foul Ball, location: 2F 1-1: Ball Pickoff Throw to First - Error! E1 Ryan Young to second 2-1: Ball 3-1: Foul Ball, location: 2F 3-2: Foul Ball, location: 2F 3-2: Foul Ball, location: 2F 3-2: Strikes out swinging
|
Batting: RHB Teh-huai Jiang
|
0-0: Ball 1-0: Ball 2-0: Ball 3-0: Base on Balls
|
Batting: RHB Dan Shaffer
|
0-0: Ball 1-0: Called Strike 1-1: Ball 2-1: Fly out, F8 (Flyball, 8LD, EV 93.1 MPH)
|
Batting: RHB Juan Gonzalez
|
0-0: Ball 1-0: 3-RUN HOME RUN (Flyball, 7D, EV 93.1 MPH), Distance : 359 ft
|
Batting: RHB Jose Hurtado
|
0-0: Foul Ball, location: 2F 0-1: Called Strike 0-2: Foul Ball, location: 2F 0-2: Strikes out swinging
|
Bottom of the 2nd over - 3 runs, 2 hits, 1 error, 0 left on base; Trois-Riveres 0 - York 3 |
TOP OF THE 3RD |
Trois-Riveres Aigles batting - Pitching for York Revolution : RHP George Crousse
|
Batting: RHB Danny Mota
|
0-0: Called Strike 0-1: Swinging Strike 0-2: Strikes out looking
|
Batting: RHB Ben Saxton
|
0-0: Fly out, F7 (Flyball, 7, EV 91.9 MPH)
|
Batting: RHB Willie Acevedo
|
0-0: Ball 1-0: Ball 2-0: Foul Ball, location: 2F 2-1: Swinging Strike 2-2: Strikes out swinging
|
Top of the 3rd over - 0 runs, 0 hits, 0 errors, 0 left on base; Trois-Riveres 0 - York 3 |
BOTTOM OF THE 3RD |
York Revolution batting - Pitching for Trois-Riveres Aigles : RHP Jesus Espinosa
|
Batting: RHB Eddie Serna
|
0-0: Called Strike 0-1: Foul Ball, location: 2F 0-2: Ball 1-2: Ball 2-2: Ball 3-2: Strikes out looking
|
Batting: LHB Dennis French
|
0-0: Called Strike 0-1: Swinging Strike 0-2: Ball 1-2: Foul Ball, location: 2F 1-2: Ball 2-2: DOUBLE (Line Drive, 9LM, EV 108.1 MPH)
|
Batting: LHB Mike Hawk
|
0-0: Fly out, F8 (Flyball, 8LD, EV 107.5 MPH)
|
Batting: LHB Ryan Young
|
0-0: Called Strike 0-1: Called Strike 0-2: Ball 1-2: Foul Ball, location: 2F 1-2: Strikes out swinging
|
Bottom of the 3rd over - 0 runs, 1 hit, 0 errors, 1 left on base; Trois-Riveres 0 - York 3 |
TOP OF THE 4TH |
Trois-Riveres Aigles batting - Pitching for York Revolution : RHP George Crousse
|
Batting: RHB Sandoval Serzedelo
|
0-0: Ground out 4-3 (Groundball, 4, EV 89.4 MPH)
|
Batting: RHB Toshikatsu Omori
|
0-0: Swinging Strike 0-1: Foul Ball, location: 2F 0-2: Ball 1-2: Ground out 6-3 (Groundball, 6, EV 86.2 MPH)
|
Batting: SHB Derek Weaver
|
0-0: Called Strike 0-1: Ball 1-1: Swinging Strike 1-2: Ball 2-2: Strikes out looking
|
Top of the 4th over - 0 runs, 0 hits, 0 errors, 0 left on base; Trois-Riveres 0 - York 3 |
BOTTOM OF THE 4TH |
York Revolution batting - Pitching for Trois-Riveres Aigles : RHP Jesus Espinosa
|
Batting: LHB Jean-Claude Vanbiesbrouck
|
0-0: Foul Ball, location: 2F 0-1: Foul Ball, location: 2F 0-2: Ball 1-2: Ball 2-2: Ball 3-2: Fly out, F7 (Flyball, 7, EV 75.0 MPH)
|
Batting: RHB Teh-huai Jiang
|
0-0: Ball 1-0: Foul Ball, location: 2F 1-1: Called Strike 1-2: Ball 2-2: Foul Ball, location: 2F 2-2: Ball 3-2: Foul Ball, location: 2F 3-2: Foul Ball, location: 2F 3-2: SINGLE (Line Drive, 9LM, EV 107.5 MPH)
|
Batting: RHB Dan Shaffer
|
0-0: Ball 1-0: Ball 2-0: Called Strike 2-1: Foul Ball, location: 2F 2-2: Fly out, F8 (Line Drive, 8LD, EV 90.0 MPH)
|
Batting: RHB Juan Gonzalez
|
0-0: Called Strike Teh-huai Jiang is caught stealing 2nd base 2-4
|
Bottom of the 4th over - 0 runs, 1 hit, 0 errors, 0 left on base; Trois-Riveres 0 - York 3 |
TOP OF THE 5TH |
Trois-Riveres Aigles batting - Pitching for York Revolution : RHP George Crousse
|
Batting: RHB Alistair Holmes
|
0-0: Called Strike 0-1: Ball 1-1: Ball 2-1: Foul Ball, location: 2F 2-2: Ground out U3 (Groundball, 34S, EV 82.5 MPH)
|
Batting: RHB Micah Logan
|
0-0: Foul Ball, location: 2F 0-1: Ball 1-1: Ball 2-1: Ball 3-1: Fly out, F8 (Flyball, 8LM, EV 92.5 MPH)
|
Batting: RHB George Connell
|
0-0: Called Strike 0-1: Fly out, F7 (Flyball, 7S, EV 92.5 MPH)
|
Top of the 5th over - 0 runs, 0 hits, 0 errors, 0 left on base; Trois-Riveres 0 - York 3 |
BOTTOM OF THE 5TH |
York Revolution batting - Pitching for Trois-Riveres Aigles : RHP Jesus Espinosa
|
Batting: RHB Juan Gonzalez
|
0-0: Ball 1-0: Called Strike 1-1: Swinging Strike 1-2: Foul Ball, location: 2F 1-2: Strikes out swinging
|
Batting: RHB Jose Hurtado
|
0-0: SINGLE (Flyball, 9LS, EV 86.2 MPH)
|
Batting: RHB Eddie Serna
|
0-0: Ball 1-0: Ball 2-0: Ball 3-0: Called Strike 3-1: Base on Balls Jose Hurtado to second
|
Batting: LHB Dennis French
|
0-0: Swinging Strike 0-1: Ball 1-1: Called Strike 1-2: Ball 2-2: Grounds into double play, 3-6-1 (Groundball, 34, EV 100.6 MPH)
|
Bottom of the 5th over - 0 runs, 1 hit, 0 errors, 1 left on base; Trois-Riveres 0 - York 3 |
TOP OF THE 6TH |
Trois-Riveres Aigles batting - Pitching for York Revolution : RHP George Crousse
|
Batting: RHB Danny Mota
|
0-0: Called Strike 0-1: Ball 1-1: Called Strike 1-2: Ground out U3 (Groundball, 3L, EV 92.5 MPH)
|
Batting: RHB Ben Saxton
|
0-0: Called Strike 0-1: Ball 1-1: Ball 2-1: Ball 3-1: Base on Balls
|
Batting: RHB Willie Acevedo
|
0-0: Swinging Strike 0-1: Called Strike 0-2: Strikes out swinging
|
Batting: RHB Sandoval Serzedelo
|
0-0: Ground out 1-3 (Groundball, 15S, EV 63.8 MPH)
|
Top of the 6th over - 0 runs, 0 hits, 0 errors, 1 left on base; Trois-Riveres 0 - York 3 |
BOTTOM OF THE 6TH |
York Revolution batting - Pitching for Trois-Riveres Aigles : RHP Jesus Espinosa
|
Batting: LHB Mike Hawk
|
0-0: Ball 1-0: Fly out, F7 (Flyball, 7, EV 90.0 MPH)
|
Batting: LHB Ryan Young
|
0-0: Called Strike 0-1: Ball 1-1: Swinging Strike 1-2: Ball 2-2: Ball 3-2: SINGLE (Line Drive, 89S, EV 90.6 MPH)
|
Batting: LHB Jean-Claude Vanbiesbrouck
|
0-0: Ball 1-0: Foul Ball, location: 2F 1-1: Fly out, F8 (Flyball, 89M, EV 81.9 MPH)
|
Batting: RHB Teh-huai Jiang
|
0-0: Foul Ball, location: 2F 0-1: Ball 1-1: Foul Ball, location: 2F 1-2: Foul Ball, location: 2F 1-2: Ball 2-2: Ball Ryan Young is caught stealing 2nd base 2-4
|
Bottom of the 6th over - 0 runs, 1 hit, 0 errors, 0 left on base; Trois-Riveres 0 - York 3 |
TOP OF THE 7TH |
Trois-Riveres Aigles batting - Pitching for York Revolution : RHP George Crousse
|
Batting: RHB Toshikatsu Omori
|
0-0: Foul Ball, location: 2F 0-1: Swinging Strike 0-2: Strikes out looking
|
Batting: SHB Derek Weaver
|
0-0: Called Strike 0-1: Called Strike 0-2: Ball 1-2: SINGLE (Line Drive, 78S, EV 88.8 MPH)
|
Batting: RHB Alistair Holmes
|
0-0: Ball 1-0: Ball 2-0: Foul Ball, location: 2F 2-1: Swinging Strike 2-2: SINGLE (Line Drive, 4D, EV 110.6 MPH) Derek Weaver to second
|
Pinch Hitting: LHB Jonathan Watt
|
0-0: Ball 1-0: Ball 2-0: Foul Ball, location: 2F 2-1: Foul Ball, location: 2F 2-2: Ball 3-2: SINGLE (Groundball, 6MD, EV 109.4 MPH) Derek Weaver to third Alistair Holmes to second
|
Pinch Hitting: LHB Ian Cranton
|
0-0: Called Strike 0-1: Ball 1-1: Called Strike 1-2: Strikes out looking
|
Batting: RHB Danny Mota
|
0-0: Called Strike 0-1: Called Strike 0-2: Foul Ball, location: 2F 0-2: Fielders Choice at 2nd, 5-4 (Groundball, 56, EV 81.2 MPH)
|
Top of the 7th over - 0 runs, 3 hits, 0 errors, 3 left on base; Trois-Riveres 0 - York 3 |
BOTTOM OF THE 7TH |
York Revolution batting - Pitching for Trois-Riveres Aigles : RHP Jesus Espinosa
|
Pitching: RHP Joe Elder
|
|
Now at 2B: Jeff Standridge
|
|
Now in CF: Gilbert Hoareau
|
|
Batting: RHB Teh-huai Jiang
|
0-0: Ball 1-0: Foul Ball, location: 2F 1-1: Called Strike 1-2: Foul Ball, location: 2F 1-2: Ball 2-2: Ball 3-2: Ground out U3 (Groundball, 34, EV 98.8 MPH)
|
Batting: RHB Dan Shaffer
|
0-0: Foul Ball, location: 2F 0-1: Ball 1-1: Ball 2-1: Swinging Strike 2-2: Strikes out swinging
|
Batting: RHB Juan Gonzalez
|
0-0: Called Strike 0-1: Fly out, F3 (Popup, 3F, EV 63.8 MPH)
|
Bottom of the 7th over - 0 runs, 0 hits, 0 errors, 0 left on base; Trois-Riveres 0 - York 3 |
TOP OF THE 8TH |
Trois-Riveres Aigles batting - Pitching for York Revolution : RHP George Crousse
|
Pitching: RHP John Kerfoot
|
|
Pinch Hitting: RHB Gabe Wilcoxon
|
0-0: Ball 1-0: Foul Ball, location: 2F 1-1: Foul Ball, location: 2F 1-2: DOUBLE (Line Drive, 8LXD, EV 113.8 MPH)
|
Batting: RHB Willie Acevedo
|
0-0: Ball 1-0: SINGLE (Line Drive, 3D, EV 96.2 MPH) Gabe Wilcoxon to third
|
Batting: RHB Joel Wittmier
|
0-0: Swinging Strike 0-1: Ball 1-1: Called Strike 1-2: Ball 2-2: Foul Ball, location: 2F 2-2: Ball 3-2: Foul Ball, location: 2F 3-2: Foul Ball, location: 2F 3-2: Foul Ball, location: 2F 3-2: Base on Balls Willie Acevedo to second
|
Batting: RHB Toshikatsu Omori
|
0-0: Called Strike 0-1: SINGLE (Groundball, 4MD, EV 98.8 MPH) Gabe Wilcoxon scores Willie Acevedo to third Joel Wittmier to second Runner from 3rd tries for Home, SAFE, throw by CF to home
|
Pinch Hitting: RHB Roy Johnson
|
0-0: Called Strike 0-1: Called Strike 0-2: Grounds into double play, 3-6-3 (Groundball, 34S, EV 82.5 MPH) Joel Wittmier to third
|
Batting: RHB Alistair Holmes
|
0-0: Called Strike 0-1: Ball 1-1: 2-RUN HOME RUN (Flyball, 89XD, EV 98.8 MPH), Distance : 385 ft
|
Pitching: RHP Robert Chauvel
|
|
Batting: RHB Jeff Standridge
|
0-0: Ball 1-0: Ball 2-0: Called Strike 2-1: SOLO HOME RUN (Flyball, 7D, EV 96.2 MPH), Distance : 363 ft
|
Batting: RHB Gilbert Hoareau
|
0-0: Foul Ball, location: 2F 0-1: Foul Ball, location: 2F 0-2: Strikes out swinging
|
Top of the 8th over - 5 runs, 5 hits, 0 errors, 0 left on base; Trois-Riveres 5 - York 3 |
BOTTOM OF THE 8TH |
York Revolution batting - Pitching for Trois-Riveres Aigles : RHP Joe Elder
|
Now at SS: Luis Jara
|
|
Now in LF: Carlos Ruelas
|
|
Pinch Hitting: SHB Sam Fredrick
|
0-0: Foul Ball, location: 2F 0-1: Fly out, F6 (Popup, 6M, EV 76.9 MPH)
|
Batting: RHB Eddie Serna
|
0-0: Called Strike 0-1: Ball 1-1: Fly out, F7 (Line Drive, 7, EV 98.8 MPH)
|
Batting: LHB Dennis French
|
0-0: Called Strike 0-1: Ball 1-1: Ball 2-1: Swinging Strike 2-2: Ball 3-2: Foul Ball, location: 2F 3-2: Base on Balls
|
Pinch Hitting: RHB Frank Ramirez
|
0-0: Ball 1-0: Ball 2-0: Ball 3-0: Called Strike 3-1: Swinging Strike 3-2: Foul Ball, location: 2F 3-2: Base on Balls Dennis French to second
|
Pitching: LHP Joel Brown
|
|
Batting: LHB Ryan Young
|
0-0: Called Strike 0-1: Called Strike 0-2: Ball 1-2: Ball 2-2: Ball 3-2: Strikes out swinging
|
Bottom of the 8th over - 0 runs, 0 hits, 0 errors, 2 left on base; Trois-Riveres 5 - York 3 |
TOP OF THE 9TH |
Trois-Riveres Aigles batting - Pitching for York Revolution : RHP Robert Chauvel
|
Now at 3B: Sam Fredrick
|
|
Now in CF: Frank Ramirez
|
|
Pinch Hitting: LHB Matt Pena
|
0-0: Called Strike 0-1: Foul Ball, location: 2F 0-2: Ball 1-2: Foul Ball, location: 2F 1-2: Ball 2-2: Strikes out swinging
|
Batting: RHB Luis Jara
|
0-0: Called Strike 0-1: Ball 1-1: Called Strike 1-2: Foul Ball, location: 2F 1-2: Ball 2-2: Fly out, F8 (Flyball, 78S, EV 83.1 MPH)
|
Batting: RHB Willie Acevedo
|
0-0: Ball 1-0: Foul Ball, location: 2F 1-1: Ball 2-1: Called Strike 2-2: Ball 3-2: Strikes out looking
|
Top of the 9th over - 0 runs, 0 hits, 0 errors, 0 left on base; Trois-Riveres 5 - York 3 |
BOTTOM OF THE 9TH |
York Revolution batting - Pitching for Trois-Riveres Aigles : LHP Joel Brown
|
Pitching: RHP Steve Rennecker
|
|
Now at C: Chris Davis
|
|
Batting: LHB Jean-Claude Vanbiesbrouck
|
0-0: Called Strike 0-1: Ball 1-1: Foul Ball, location: 2F 1-2: Ball 2-2: Ground out 6-3 (Groundball, 6, EV 80.0 MPH)
|
Batting: RHB Teh-huai Jiang
|
0-0: Called Strike 0-1: Ball 1-1: Foul Ball, location: 2F 1-2: SINGLE (Line Drive, 6D, EV 95.0 MPH)
|
Pinch Hitting: LHB Jessie Whedbee
|
0-0: Fielders Choice at 2nd, 6-4 (Groundball, 56, EV 106.9 MPH)
|
Pinch Hitting: RHB Nick Maxwell
|
0-0: Ball 1-0: Ball 2-0: Ball 3-0: Base on Balls Jessie Whedbee to second
|
Batting: SHB Sam Fredrick
|
0-0: Foul Ball, location: 2F 0-1: Ball 1-1: Ball 2-1: Ball 3-1: Called Strike 3-2: Foul Ball, location: 2F 3-2: Strikes out swinging
|
Bottom of the 9th over - 0 runs, 1 hit, 0 errors, 2 left on base; Trois-Riveres 5 - York 3 |
|